 Dungeon Crawl Stone Soup version 0.30.1-11-g7821555f0a (webtiles) character file.

Game seed: 10245785527819834744

1335 Scypho the Cleaver (level 8, -8/96 HPs)
             Began as a Minotaur Fighter on Dec 2, 2023.
             Mangled by an orc warrior
             ... wielding a +0 halberd
              (12 damage)
             ... on level 6 of the Dungeon.
             The game lasted 00:08:55 (4174 turns).

Scypho the Cleaver (Minotaur Fighter)               Turns: 4174, Time: 00:08:55

Health: -8/96      AC: 24    Str: 28    XL:     8   Next: 35%
Magic:  7/7        EV:  2    Int:  5    God:
Gold:   403        SH:  4    Dex: 11    Spells: 7/7 levels left

rFire   . . .        a - +0 war axe
rCold   . . .        c - +0 buckler
rNeg    . . .        b - melded +0 scale mail
rPois   +            (helmet currently unavailable)
rElec   .            s - melded +0 cloak
rCorr   .            (gloves currently unavailable)
SInv    .            l - melded +0 pair of boots
Will    .....        (no amulet)
Stlth   +            x - +6 ring of strength
HPRegen 0.36/turn    (no ring)
MPRegen 0.10/turn

%: no passive effects
@: tree-form
A: stationary, stasis, torment immunity, boosted hp, (horns 2), (retaliatory
headbutt)
a: no special abilities


You were on level 6 of the Dungeon.
You were a tree.
You visited 1 branch of the dungeon, and saw 6 of its levels.

You collected 403 gold pieces.

Inventory:

Hand Weapons
 a - a +0 war axe (weapon)
Missiles
 r - a throwing net (quivered)
Armour
 b - a +0 scale mail (melded)
 c - a +0 buckler (worn)
 l - a +0 pair of boots (melded)
 s - a +0 cloak (melded)
Jewellery
 q - an amulet of faith
 x - a +6 ring of strength (left branch)
Wands
 v - a wand of light (3)
Scrolls
 k - a scroll of immolation {unknown}
 m - 2 scrolls of magic mapping {unknown}
 u - a scroll of blinking {unknown}
 w - a scroll of noise {unknown}
 y - a scroll of teleportation {unknown}
Potions
 d - a potion of might
 f - a potion of mutation
 g - a potion of berserk rage {unknown}
 h - 3 potions of flight
 j - 4 potions of curing
 n - a potion of haste {unknown}
 o - a potion of ambrosia {unknown}
 p - 2 potions of brilliance
 t - a potion of lignification


   Skills:
 - Level 3.6 Fighting
 + Level 12.3 Axes
 - Level 3.6 Armour
 - Level 3.6 Shields


You had 7 spell levels left.
You didn't know any spells.
Your spell library contained the following spells:

 Spells                   Type           Power      Damage    Failure   Level
 Shock                    Conj/Air       0%         1d3       52%         1
 Swiftness                Air            0%         N/A       88%         3
 Airstrike                Air            0%         2d(0-16)  99%         4


Dungeon Overview and Level Annotations

Branches:
Dungeon (6/15)
 Temple: D:4-7

Altars:
Cheibriados
Elyvilon
Kikubaaqudgha
Nemelex Xobeh
Sif Muna
Wu Jian
Yredelemnul
The Shining One


Innate Abilities, Weirdness & Mutations

You are a tree.
Your roots penetrate the ground, keeping you stationary.
You cannot be teleported.
You are immune to unholy pain and torment.
Your maximum health is greatly increased.
Your equipment is partially melded.
((You have a pair of horns on your head.))
((You reflexively headbutt those who attack you in melee.))


Message History

You slash the orc warrior! You headbutt the orc warrior!
You block the orc warrior's attack.
You slash the orc warrior!
You kill the orc warrior!
Your Axes skill increases to level 12!
You slash the ogre! Your headbutt misses the ogre. You block the ogre's attack.
You hit the ogre. You hit the ogre. Your headbutt misses the ogre.
The ogre barely misses you. You furiously retaliate!
You headbutt the ogre!
You kill the ogre!
Items here: ))) [ †.
Okay, then.
You start resting.
An orc warrior comes into view. It is wielding a +0 halberd.
The orc warrior hits you with a +0 halberd!
* * * LOW HITPOINT WARNING * * *
You closely miss the orc warrior.
The orc warrior hits you with a +0 halberd!
* * * LOW HITPOINT WARNING * * *
You closely miss the orc warrior.
You feel much better.
The orc warrior hits you with a +0 halberd.
* * * LOW HITPOINT WARNING * * *
You hit the orc warrior.
The orc warrior hits you with a +0 halberd!
* * * LOW HITPOINT WARNING * * *
You barely miss the orc warrior.
The orc warrior hits you with a +0 halberd!
* * * LOW HITPOINT WARNING * * *
Really quaff the potion of lignification?
You turn into a tree.
Your +0 cloak melds into your body.
Your +0 pair of boots melds into your body.
Your +0 scale mail melds into your body.
Your roots penetrate the ground.
The orc warrior hits you but does no damage.
You hit the orc warrior but do no damage.
You block the orc warrior's attack.
You closely miss the orc warrior.
The orc warrior hits you with a +0 halberd!
You die...

#.....###........#####
....##### ####.#####
###. #..# #. ###.## #.
#...# ######.###
##.###
.........####..#
.........#....##
.........#♣####
#.#..)o.# #....####
.......## .......
....... ####... ....
.....


You could see an orc warrior.

Vanquished Creatures
  Prince Ribbit (D:5)
  An orc warrior (D:6)
  An ogre (D:6)
  A phantom (D:5)
  A gnoll sergeant (D:6)
  4 scorpions (D:5)
  A necrophage (D:4)
  A wight (D:4)
  A human zombie (D:4)
  A centaur zombie (D:4)
  A hound (D:6)
  A bullfrog zombie (D:4)
  2 iguanas (D:5)
  An orc wizard (D:3)
  2 scorpion zombies (D:4)
  2 hound zombies (D:4)
  7 gnolls
  5 adders
  3 adder zombies (D:4)
  3 dart slugs
  10 orcs
  2 endoplasms
  2 giant cockroaches
  4 goblins
  2 hobgoblins (D:3)
  4 jackals (D:3)
  5 kobolds
  3 quokkas
  5 ball pythons
  5 bats
  3 frilled lizards
  25 rats
110 creatures vanquished.

Notes
Turn   | Place    | Note
-------+----------+-------------------------------------------
     0 | D:1      | Scypho the Minotaur Fighter began the quest for the Orb.
     0 | D:1      | Reached XP level 1. HP: 19/19 MP: 0/0
   179 | D:1      | Reached skill level 3 in Axes
   221 | D:1      | Reached XP level 2. HP: 25/26 MP: 1/1
   557 | D:2      | Reached skill level 4 in Axes
   583 | D:2      | Reached XP level 3. HP: 16/31 MP: 2/2
  1131 | D:3      | Found a basalt altar of Yredelemnul.
  1136 | D:3      | Identified the +6 mace of Ancient Evil {heavy, rCorr Int+3
                  | SInv}
  1374 | D:3      | Reached skill level 5 in Axes
  1478 | D:3      | Reached XP level 4. HP: 35/39 MP: 3/3
  1558 | D:3      | Found a white marble altar of Elyvilon.
  1558 | D:3      | Found a sparkling altar of Nemelex Xobeh.
  1785 | D:3      | Found a glowing golden altar of the Shining One.
  1828 | D:3      | Reached skill level 6 in Axes
  2484 | D:4      | HP: 1/39 [poisoned by a kobold]
  2659 | D:4      | Reached XP level 5. HP: 45/45 MP: 4/4
  2724 | D:4      | Found an ornate altar of the Wu Jian Council.
  3014 | D:4      | Reached skill level 7 in Axes
  3089 | D:4      | Found an ancient bone altar of Kikubaaqudgha.
  3098 | D:4      | Reached XP level 6. HP: 48/51 MP: 5/5
  3110 | D:4      | Reached skill level 8 in Axes
  3296 | D:5      | Entered Level 5 of the Dungeon
  3324 | D:5      | Found a shimmering blue altar of Sif Muna.
  3338 | D:5      | Reached skill level 9 in Axes
  3580 | D:5      | Reached XP level 7. HP: 57/57 MP: 6/6
  3698 | D:5      | Reached skill level 10 in Axes
  3747 | D:5      | Noticed Prince Ribbit
  3789 | D:5      | Killed Prince Ribbit
  3850 | D:5      | Found a snail-covered altar of Cheibriados.
  3923 | D:5      | Reached skill level 11 in Axes
  3964 | D:5      | Reached XP level 8. HP: 58/64 MP: 7/7
  4156 | D:6      | Reached skill level 12 in Axes
  4171 | D:6      | HP: 2/64 [orc warrior/+0 halberd (13)]
  4174 | D:6      | Mangled by an orc warrior

Illustrated notes

Levels and vault maps discovered:
D:1:      ncdulo_smallfort, layout_rooms, kennysheep_another_room,
          nicolae_figureground_sparkle
D:2:      layout_rooms, minmay_curled_crystal, minivault_27
D:3:      layout_loops_corners, amethyst_overflow_temple_binary, tso_metal_star,
          amcnicky_altar_gilded, hangedman_glass_teeth
D:4:      layout_cave_pools, lemuel_mausoleum_altar_kikubaaqudgha,
          pdpol_wu_jian_five_deadly_venoms, solitary_fountain,
          minmay_misc_feat_alley, minmay_rat_hole
D:5:      layout_loops_cross, mainiacjoe_overflow_boulevard,
          kennysheep_mini_moat, uniq_prince_ribbit1
D:6:      layout_basic, minmay_misc_feat_nine_boxes, minmay_holes, uniq_sigmund

Skill      XL: |  1  2  3  4  5  6  7  8 |
---------------+-------------------------+-----
Axes           | 3 4 5 6 7 9 11 12 | 12.3
Fighting       | |  3.6
Armour         | |  3.6
Shields        | |  3.6

Action                     |  1- 3 |  4- 6 |  7- 9 || total
---------------------------+-------+-------+-------++-------
  Melee: War axe           |    74 |   135 |    88 ||   297
         Headbutt          |     8 |    17 |    11 ||    36
    Use: Scroll            |       |     6 |     1 ||     7
         Potion            |       |       |     3 ||     3
 Armour: Scale mail        |    28 |    42 |     9 ||    79
         Skin              |       |       |    17 ||    17
  Dodge: Dodged            |    32 |    42 |    12 ||    86
  Block: Buckler           |    13 |    18 |    15 ||    46
